 Dungeon Crawl Stone Soup version 0.31-a0-358-gac0dbeb3ab (webtiles) character file.

Game seed: 14675052169191866400

15311 Bnni the Mimic (level 12, -4/127 HPs)
             Began as an Octopode Shapeshifter on July 25, 2023.
             Was an Initiate of Gozag.
             Shot with an arrow by Nessos (26 damage)
             ... on level 14 of the Dungeon.
             The game lasted 00:25:44 (13580 turns).

Bnni the Mimic (Octopode Shapeshifter)             Turns: 13580, Time: 00:25:45

Health: -4/127     AC: 30    Str: 29    XL:     12   Next: 25%
Magic:  0/12       EV:  2    Int: 17    God:    Gozag
Gold:   246        SH:  4    Dex: 17    Spells: 8/11 levels left

rFire   + +          .
                       - Unarmed
rCold   + . .        E - +0 buckler
rNeg    . . .        (helmet currently unavailable)
rPois   +            G - amulet of guardian spirit
rElec   .            k - +6 ring of strength
rCorr   .            l - +6 ring of intelligence
SInv    +            v - ring of protection from cold
Will    +....        y - ring of see invisible
Stlth   ++           F - +5 ring of evasion
HPRegen 0.41/turn    M - +6 ring of strength
MPRegen 0.13/turn    Q - +4 ring of protection
                     P - ring "Paumu" {rF++ Will+ Str+3}

%: guardian spirit
@: lethally poisoned (-4 -> -27), tree-form, studying Maces & Flails
A: stationary, stasis, torment immunity, boosted hp, almost no armour,
(amphibious), 8 rings, (camouflage 1), (gelatinous body 1), (nimble swimmer 1),
(tentacles)
a: Renounce Religion, Potion Petition, Call Merchant, Bribe Branch


You were on level 14 of the Dungeon.
You worshipped Gozag.
Gozag was aware of your devotion.
You were a tree.
You visited 2 branches of the dungeon, and saw 15 of its levels.
You visited 1 bazaar.
You also visited: Sewer and Ossuary.

You collected 2586 gold pieces.
You spent 1838 gold pieces at shops.
You paid 502 gold pieces to Gozag.

Inventory:

Missiles
 g - 2 throwing nets
 o - 50 poisoned darts
Armour
 E - a +0 buckler (worn)
Jewellery
 k - a +6 ring of strength (left branch)
 l - a +6 ring of intelligence (right branch)
 v - a ring of protection from cold (on tentacle)
 y - a ring of see invisible (on tentacle)
 F - a +5 ring of evasion (on tentacle)
 G - an amulet of guardian spirit (around neck)
 M - a +6 ring of strength (on tentacle)
 N - an amulet of reflection
 O - a ring of ice
 P - the ring "Paumu" (on tentacle) {rF++ Will+ Str+3}
   (You bought it in a shop in a bazaar)

   [ring of willpower]

   Str:       It affects your strength (+3).
   rF:        It greatly protects you from fire.
   Will:      It increases your willpower.
 Q - a +4 ring of protection (on tentacle)
Talismans
 b - a beast talisman
Wands
 z - a wand of flame (62)
 L - a wand of polymorph (4)
Scrolls
 c - 3 scrolls of fear
 f - 7 scrolls of teleportation
 h - 2 scrolls of fog
 j - 3 scrolls of revelation
 n - a scroll of enchant weapon
 t - 4 scrolls of blinking
 w - a scroll of summoning
 x - 4 scrolls of immolation {unknown}
 D - 2 scrolls of amnesia
 I - 3 scrolls of poison
 J - a scroll of enchant armour
 K - a scroll of noise {unknown}
Potions
 a - 2 potions of lignification
 d - a potion of cancellation
 e - 3 potions of berserk rage
 i - 4 potions of curing
 m - a potion of enlightenment {unknown}
 p - 3 potions of might {unknown}
 q - 5 potions of heal wounds
 r - 8 potions of haste
 u - 3 potions of resistance {unknown}
 A - 3 potions of degeneration {unknown}
 B - 2 potions of mutation {unknown}
 C - a potion of magic {unknown}
 H - a potion of invisibility {unknown}


   Skills:
 + Level 9.3 Fighting
 + Level 6.1 Dodging
 + Level 9.7 Unarmed Combat
 + Level 3.5 Ice Magic
 * Level 11.5 Shapeshifting


You had 8 spell levels left.
You knew the following spells:

 Your Spells              Type           Power      Damage    Failure   Level
o - Ozocubu's Armour      Ice            12%        N/A       19%         3

Your spell library contained the following spells:

 Spells                   Type           Power      Damage    Failure   Level
 Sting                    Tmut/Pois      0%         1d3       28%         1
 Lesser Beckoning         Tloc           0%         N/A       38%         2
 Poisonous Vapours        Pois/Air       0%         N/A       38%         2
 Hailstorm                Conj/Ice       6%         3d4       38%         3
 Gell's Gravitas          Tloc           0%         N/A       63%         3
 Inner Flame              Hex/Fire       0%         N/A       63%         3
 Stone Arrow              Conj/Erth      0%         3d7       63%         3
 Teleport Other           Tloc           0%         N/A       63%         3
 Volatile Blastmotes      Fire/Tloc      0%         2d10      63%         3
 Summon Ice Beast         Ice/Summ       6%         N/A       80%         4
 Flame Wave               Conj/Fire      0%         2d4       95%         4
 Fulminant Prism          Conj/Hex       0%         3d5       95%         4
 Iskenderun's Mystic Bla  Conj/Tloc      0%         2d3       95%         4
 Olgreb's Toxic Radiance  Pois           0%         N/A       95%         4
 Sticky Flame             Conj/Fire      0%         2d3       95%         4
 Metabolic Englaciation   Hex/Ice        3%         N/A       98%         5
 Ozocubu's Refrigeration  Ice            6%         4d8       100%        7
 Lehudib's Crystal Spear  Conj/Erth      0%         10d2      100%        8
 Animate Armour           Summ/Erth      Unusable   N/A       N/A         4
 Simulacrum               Ice/Necr       Unusable   N/A       N/A         6

Dungeon Overview and Level Annotations

Branches:
Dungeon (15/15)            Temple (1/1) D:5            Lair (0/5) D:11
    Orc (0/2) D:10          Sewer (visited)         Ossuary (visited)
 Vaults: D:13-14     Depths: D:15

Altars:
Ashenzari
Cheibriados
Dithmenos
Elyvilon
Fedhas
Gozag
Hepliaklqana
Kikubaaqudgha
Makhleb
Nemelex Xobeh
Okawaru
Qazlal
Ru
Sif Muna
Trog
Uskayaw
Vehumet
Wu Jian
Xom
Yredelemnul
Zin
The Shining One

Shops:
D:3 =   D:10 *

Annotations:
D:14 Nessos


Innate Abilities, Weirdness & Mutations

You are a tree.
Your roots penetrate the ground, keeping you stationary.
You cannot be teleported.
You are immune to unholy pain and torment.
Your maximum health is greatly increased.
You cannot wear most types of armour.
((You are amphibious.))
You can wear up to eight rings at the same time.
((Your skin changes colour to match your surroundings (Stealth+).))
((Your rubbery body absorbs attacks. (AC +1, EV +1)))
((You are camouflaged when in or above water. (Stealth+)))
((You have tentacles for arms and can constrict up to eight enemies at once.))


Message History

* * * LOW HITPOINT WARNING * * *
The arrow burns you.
You are poisoned.
* * * LOW HITPOINT WARNING * * *
Nessos shoots an arrow.
You block the arrow. The six-headed hydra barely misses you.
The six-headed hydra bites you but does no damage.
The six-headed hydra bites you.
* * * LOW HITPOINT WARNING * * *
The six-headed hydra bites you but does no damage. x2
The six-headed hydra bites you.
* * * LOW HITPOINT WARNING * * *
Nessos gestures wildly while chanting.
Nessos blinks!
Aiming: Throw Flame
Press: ? - help, Shift-Dir - straight line, f/p - Nessos
Aim: Nessos, wielding a +1 longbow of flaming and wearing a +2 barding of stealth (almost dead, fast, 81% to hit)
The puff of flame hits Nessos but does no damage.
Nessos is almost dead.
* * * LOW HITPOINT WARNING * * *
You feel very sick.
Nessos mumbles some strange words.
Nessos blinks!
The six-headed hydra bites you but does no damage.
You block the six-headed hydra's attack.
The six-headed hydra completely misses you.
The six-headed hydra bites you but does no damage. x3
Nessos shoots an arrow.
The arrow hits you!
* * * LOW HITPOINT WARNING * * *
The arrow burns you.
* * * LOW HITPOINT WARNING * * *
Unknown command.
You feel much better.
You feel very sick.
Nessos shoots an arrow.
The arrow hits you.
* * * LOW HITPOINT WARNING * * *
You are lethally poisoned!
Nessos shoots an arrow.
The arrow hits you!!
You die...
Your body crumbles into a pile of gold.

##
...###########
.............#
.............#
....§........#
.....c.$.D...#
.......##♣##.#
.......#...#.#
.......#...#.#
.......#...'.#
......c#...#.#
#####..#...#.#
#..#...#.# $
#..#...#.#
#..#####.#


You could see Nessos (fast) and a six-headed hydra.

Vanquished Creatures
  A hydra (D:11)
  A boulder beetle (D:15)
  A two-headed ogre (D:10)
  3 ugly things (D:14)
  Maggie (D:8)
  A gargoyle (D:14)
  A kobold demonologist (D:11)
  An efreet (D:14)
  The ghost of deyja the Slasher, an amateur MiMo of Elyvilon (D:5)
  A hornet (D:10)
  Prince Ribbit (D:7)
  Grinder (D:5)
  6 slime creatures (D:12)
  4 shadows
  A vampire (D:12)
  Sigmund (D:5)
  A wraith (Ossuary)
  9 yaks
  A basilisk (D:14)
  A steam dragon (D:6)
  8 vampire mosquitoes
  Menkaure (D:7)
  Edmund (D:5)
  A two-headed ogre zombie (D:10)
  2 water moccasins
  4 orc warriors
  2 ice beasts (D:6)
  A sky beast (D:7)
  3 ogres
  3 centaurs
  2 phantoms
  Blork the orc (D:5)
  7 kobold brigands
  2 bullfrogs (D:7)
  2 gnoll sergeants
  3 scorpions
  8 wights (D:8)
  3 troll zombies (D:10)
  12 killer bees
  A howler monkey (D:6)
  4 hounds
  Crazy Yiuf (D:4)
  2 gnoll boudas (D:9)
  12 orc priests
  3 jellies
  A sleepcap (D:7)
  Ijyb (D:5)
  5 iguanas
  15 orc wizards
  4 ogre zombies (D:10)
  A mummy (Ossuary)
  15 adders
  26 gnolls
  2 river rats (D:3)
  A shadow imp (D:6)
  2 white imps
  An ufetubus (D:5)
  A worm (D:3)
  5 dart slugs
  57 orcs
  4 endoplasms
  11 giant cockroaches
  6 goblins
  8 hobgoblins
  10 jackals
  4 quokkas
  10 ball pythons
  7 bats
  4 frilled lizards
  3 gnoll skeletons (Ossuary)
  A goblin skeleton (D:10)
  4 goblin zombies (D:10)
  A hobgoblin skeleton (D:10)
  4 hobgoblin zombies (D:10)
  20 kobolds
  15 kobold skeletons (Ossuary)
  8 orc skeletons
  13 orc zombies (D:10)
  12 rats
409 creatures vanquished.

Notes
Turn   | Place    | Note
-------+----------+-------------------------------------------
     0 | D:1      | Bnni the Octopode Shapeshifter began the quest for the Orb.
     0 | D:1      | Reached XP level 1. HP: 13/13 MP: 1/1
   125 | D:1      | Reached XP level 2. HP: 10/18 MP: 2/2
   452 | D:1      | Reached XP level 3. HP: 10/23 MP: 3/3
  1037 | D:2      | Reached XP level 4. HP: 29/29 MP: 4/4
  1227 | D:2      | Reached skill level 4 in Shapeshifting
  1356 | D:2      | Reached XP level 5. HP: 25/35 MP: 5/5
  1622 | D:2      | Found a faded altar of an unknown god.
  1937 | D:3      | Found a glowing drain.
  2008 | Sewer    | Entered a sewer
  2172 | Sewer    | Noticed a kobold brigand
  2181 | Sewer    | Killed a kobold brigand
  2182 | Sewer    | Reached XP level 6. HP: 31/41 MP: 6/6
  2346 | Sewer    | Reached skill level 5 in Shapeshifting
  2352 | Sewer    | Reached XP level 7. HP: 3/46 MP: 7/7
  2673 | D:3      | Found Fiotonug's Jewellery Shoppe.
  3330 | D:4      | Reached skill level 5 in Unarmed Combat
  3960 | D:4      | Found a runed translucent door.
  3964 | D:4      | Noticed Crazy Yiuf
  3972 | D:4      | Killed Crazy Yiuf
  4006 | D:5      | Entered Level 5 of the Dungeon
  4025 | D:5      | Noticed Blork the orc
  4032 | D:5      | Killed Blork the orc
  4032 | D:5      | Noticed Sigmund
  4033 | D:5      | Reached skill level 6 in Shapeshifting
  4033 | D:5      | Reached XP level 8. HP: 43/54 MP: 8/8
  4039 | D:5      | Killed Sigmund
  4260 | D:5      | Found a runed translucent door.
  4288 | D:5      | Noticed Ijyb
  4294 | D:5      | Killed Ijyb
  4309 | D:5      | Noticed Edmund
  4317 | D:5      | Killed Edmund
  4318 | D:5      | Reached skill level 5 in Fighting
  4342 | D:5      | Found a staircase to the Ecumenical Temple.
  4369 | Temple   | Entered the Ecumenical Temple
  4380 | Temple   | Became a worshipper of Gozag Ym Sagoz the Greedy
  4479 | D:5      | Noticed Grinder
  4487 | D:5      | Killed Grinder
  4488 | D:5      | Reached skill level 7 in Shapeshifting
  4527 | D:5      | Noticed deyja's ghost (amateur MiMo)
  4869 | D:6      | Found a blossoming altar of Fedhas.
  4909 | D:6      | Reached XP level 9. HP: 61/61 MP: 9/9
  5131 | D:6      | Identified the +1 barding of the Sailor {Int+4 Slay+2}
  5952 | D:6      | Found an ornate altar of the Wu Jian Council.
  5955 | D:6      | Found a sparkling altar of Nemelex Xobeh.
  5970 | D:6      | Found an iron altar of Okawaru.
  5980 | D:6      | Found a sacrificial altar of Ru.
  6136 | D:3      | Bought a +5 ring of evasion for 360 gold pieces
  6264 | D:5      | Killed deyja's ghost
  6265 | D:5      | Reached skill level 8 in Shapeshifting
  6373 | D:7      | Noticed Prince Ribbit
  6402 | D:7      | Killed Prince Ribbit
  6741 | D:7      | Reached XP level 10. HP: 58/69 MP: 10/10
  6840 | D:7      | Found a sand-covered staircase.
  6850 | Ossuary  | Entered an ossuary
  7255 | D:7      | Reached skill level 9 in Shapeshifting
  7648 | D:7      | Noticed Menkaure
  7653 | D:7      | Killed Menkaure
  8074 | D:8      | Noticed Maggie
  8083 | D:8      | Killed Maggie
  8994 | D:9      | Found a shimmering altar of Xom.
  8997 | D:9      | Identified the +10 great mace of Virtue {drain, +Blink
                  | Int+3}
  9224 | D:9      | Found a hazy altar of Hepliaklqana.
  9600 | D:9      | Reached skill level 10 in Shapeshifting
  9612 | D:9      | Reached XP level 11. HP: 33/77 MP: 5/11
  9947 | D:10     | Entered Level 10 of the Dungeon
 10041 | D:10     | Found a staircase to the Orcish Mines.
 10708 | D:10     | Noticed a two-headed ogre
 10718 | D:10     | Killed a two-headed ogre
 11019 | D:10     | Bought a potion of curing for 39 gold pieces
 11019 | D:10     | Bought Ozocubu's Autobiography for 312 gold pieces
 11019 | D:10     | Bought a scroll of identify for 26 gold pieces
 11024 | D:10     | Learned a level 3 spell: Ozocubu's Armour
 11027 | D:11     | Found a staircase to the Lair.
 11759 | D:11     | Noticed a seven-headed hydra
 11773 | D:11     | Killed a seven-headed hydra
 11774 | D:11     | Reached skill level 1 in Ice Magic
 11924 | D:11     | Reached skill level 5 in Dodging
 12902 | D:12     | Reached skill level 11 in Shapeshifting
 12909 | D:12     | Noticed a skeletal warrior
 12909 | D:12     | Noticed a skeletal warrior
 12909 | D:12     | Noticed a skeletal warrior
 12909 | D:12     | Noticed a skeletal warrior
 12937 | D:12     | Found a flickering gateway to a bazaar.
 13063 | Bazaar   | Entered a bazaar
 13069 | Bazaar   | Found Yddeamp's Jewellery Emporium.
 13069 | Bazaar   | Found Mikeh's Book Shoppe.
 13087 | Bazaar   | Bought the ring "Paumu" {rF++ Will+ Str+3} for 669 gold
                  | pieces
 13087 | Bazaar   | Bought a +4 ring of protection for 432 gold pieces
 13098 | D:12     | You fall into a shaft and drop 3 floors!
 13098 | D:15     | Entered Level 15 of the Dungeon
 13138 | D:15     | Noticed a skeletal warrior
 13172 | D:15     | Noticed a deep troll
 13245 | D:15     | Noticed a white ugly thing
 13245 | D:15     | Noticed a white ugly thing
 13256 | D:15     | Noticed a boulder beetle
 13269 | D:15     | Killed a boulder beetle
 13270 | D:15     | Reached XP level 12. HP: 82/85 MP: 12/12
 13530 | D:14     | Noticed a seven-headed hydra
 13538 | D:14     | Noticed a six-headed hydra
 13555 | D:14     | Noticed Nessos
 13579 | D:14     | HP: 2/127 [Nessos/arrow (9)]
 13580 | D:14     | Shot with an arrow by Nessos

Illustrated notes

Levels and vault maps discovered:
D:1:      tarquinn_simple_flora_water_e, layout_basic, minmay_surrounded
D:2:      minmay_alternating_diamond, layout_basic,
          ebering_ecumenical_altar_webs, grunt_ministairs_2,
          cheibrodos_gnoll_hut
D:3:      layout_basic, portal_sewer_entry_b, serial_shops,
          nicolae_shop_just_a_little_nook
D:4:      layout_basic, uniq_crazy_yiuf_cottage
D:5:      layout_rooms, minmay_temple_entry_mini_moons,
          ebering_ghost_reflecting_pool, uniq_ijyb, uniq_grinder,
          uniq_blork_the_orc, uniq_sigmund, uniq_edmund
D:6:      layout_basic, grunt_temple_overflow_cloverleaf, amcnicky_altar_gilded
D:7:      layout_basic, lightli_ossuary_entry_decrepit_ruins, corner_web_ring,
          uniq_prince_ribbit1, uniq_menkaure
D:8:      layout_basic, uniq_maggie
D:9:      layout_long_grid, tgw_xom, mainiacjoe_overflow_six_doors_small
D:10:     layout_stronghold, zombieorc2_lemuel
D:11:     layout_grid_maze, lair_entry_dummy
D:12:     layout_irregular_city, serial_shops, bzr_in_the_mist,
          kennysheep_generic_room_10
D:14:     layout_irregular_city, basic_altar, serial_shops,
          nicolae_shop_crystal, uniq_nessos
D:15:     hangedman_depths_entry_civil_slaughter, layout_stronghold,
          serial_shops, shop, kennysheep_okawaru_gauntlet
Temple:   nicolae_temple_superstar

Skill      XL: |  1  2  3  4  5  6  7  8  9 10 11 12 |
---------------+-------------------------------------+-----
Fighting       | 2 3 4 5 6 8 9 |  9.3
Shapeshifting  | 4 5 6 7 8 10 11 | 11.5
Unarmed Combat | 4 5 6 7 8 9 |  9.7
Dodging        | 3 5 6 |  6.1
Ice Magic      | 3 |  3.5

Action                     |  1- 3 |  4- 6 |  7- 9 | 10-12 || total
---------------------------+-------+-------+-------+-------++-------
  Melee: Unarmed           |    53 |   105 |   186 |   470 ||   814
         Constrict         |    11 |    27 |    49 |   101 ||   188
         Tentacles         |     9 |    23 |    53 |   109 ||   194
         Punch             |       |     4 |     8 |    28 ||    40
  Throw: Dart              |       |       |    13 |    10 ||    23
         Throwing net      |       |       |     3 |       ||     3
 Invoke: Call Merchant     |       |       |       |     1 ||     1
  Evoke: Wand              |       |       |       |     3 ||     3
    Use: Scroll            |       |     5 |     8 |     4 ||    17
         Potion            |       |       |       |     5 ||     5
   Stab: Sleeping          |     8 |     5 |     8 |     4 ||    25
         Held in net/web   |       |       |     1 |       ||     1
         Distracted        |       |       |     1 |     5 ||     6
 Armour: Skin              |     5 |     5 |     5 |    53 ||    68
  Dodge: Dodged            |    19 |    75 |    78 |   299 ||   471
  Block: Buckler           |       |       |     8 |    85 ||    93

Table legend: (Time is in decaauts)
 A = Elapsed time spent in this place.
 B = Non-inter-level travel time spent in this place.
 C = Inter-level travel time spent in this place.
 D = Time resting spent in this place.
 E = Time spent auto-exploring this place.
 F = Levels seen in this place.
 G = Mean time per level.
                   A        B        C        D        E       F      G
               +--------+--------+--------+--------+--------+-----+--------+
         Total |  13496 |  12863 |    633 |   1708 |   8233 |  18 |  749.8 |
       Dungeon |  12610 |  11977 |    633 |   1497 |   7966 |  14 |  900.7 |
        Temple |     69 |     69 |      0 |     47 |      0 |   1 |   69.0 |
        Bazaar |     32 |     32 |      0 |      0 |     11 |   1 |   32.0 |
         Sewer |    499 |    499 |      0 |    164 |    178 |   1 |  499.0 |
       Ossuary |    284 |    284 |      0 |      0 |     78 |   1 |  284.0 |
               +--------+--------+--------+--------+--------+-----+--------+

Top non-repeatable levels by time:
    D:11: 1868 daAuts
     D:6: 1274 daAuts
     D:9: 1224 daAuts
     D:7: 1098 daAuts
    D:10: 1068 daAuts
     D:8: 991 daAuts
     D:4: 957 daAuts
     D:3: 953 daAuts
     D:5: 853 daAuts
     D:2: 851 daAuts
     D:1: 843 daAuts
   Sewer: 499 daAuts
 Ossuary: 284 daAuts
    D:14: 279 daAuts
    D:15: 195 daAuts
